Map: Imperio eterno EE

Players

MrFercho - Winner!

  • Race: Zerg Zerg
  • League: Silver
  • Spawn Location: 1:00

CdubMcNasty

  • Race: Protoss Protoss
  • League: Silver
  • Spawn Location: 7:00

VOD

Have the link to the VOD?

Description

Time

  • Played on: June 7, 2020, 10:50 p.m.
  • Length: 14:32
Show
View Real Time Build Order
Export as new Build Order

MrFercho Zerg - Winner!

Build Orders: Pool First 

Get SALT Encoding   

  12  0:01  Drone  
  13  0:13  Overlord  
  13  0:17  Drone  
  14  0:32  Drone x2  
  16  0:35  Drone  
  17  0:48  Drone  
  18  0:55  Spawning Pool  
  17  0:57  Drone  
  18  1:08  Extractor, Drone  
  18  1:18  Drone  
  19  1:28  Hatchery  
  19  1:29  Drone  
  19  1:40  Overlord  
  19  1:43  Queen  
  21  1:50  Drone  
  22  2:01  Drone  
  23  2:12  Drone  
  24  2:24  Drone  
  25  2:33  Drone  
  26  2:41  Queen  
  26  2:42  Drone  
  29  2:44  Drone  
  30  2:56  Drone x2  
  30  2:57  Drone  
  34  2:58  Drone  
  34  2:59  Drone  
  35  3:07  Drone  
  36  3:15  Hatchery  
  35  3:26  Drone  
  36  3:28  Overlord x2  
  36  3:29  Overlord  
  36  3:50  Drone x2  
  36  3:51  Drone x2  
  36  3:53  Drone  
  41  3:56  Drone  
  41  4:01  Roach Warren  
  41  4:08  Drone  
  41  4:19  Drone x3  
  41  4:21  Extractor  
  43  4:25  Drone  
  43  4:26  Extractor  
  43  4:27  Drone  
  44  4:34  Drone  
  45  4:43  Lair  
  45  5:05  Spine Crawler  
  44  5:21  Spine Crawler  
  44  5:24  Spine Crawler  
  44  5:28  Roach x5  
  50  5:29  Roach x3  
  58  5:56  Queen  
  54  6:11  Drone x2  
  54  6:12  Drone x4  
  58  6:28  Drone x2  
  60  6:46  Overseer  
  60  6:52  Hatchery  
  59  6:57  Extractor  
  59  6:59  Hydralisk Den  
  57  7:04  Evolution Chamber  
  57  7:07  Evolution Chamber  
  55  7:11  Drone  
  55  7:12  Drone x4  
  55  7:14  Overlord  
  60  7:25  Overlord x2  
  60  7:32  Queen  
  62  7:42  Drone x4  
  66  7:48  Extractor  
  66  7:49  Drone  
  66  7:51  Drone x3  
  69  7:55  Zerg Missile Weapons Level 1  
  69  7:57  Zerg Ground Armor Level 1  
  69  8:02  Drone x2  
  71  8:05  Extractor  
  70  8:27  Hydralisk x5  
  70  8:28  Hydralisk x2  
  70  8:33  Overlord x3  
  78  8:39  Drone  
  75  8:41  Drone  
  75  8:42  Drone  
  77  8:53  Hydralisk  
  77  8:54  Hydralisk x2  
  83  9:00  Drone  
  83  9:02  Drone  
  85  9:03  Drone  
  86  9:25  Hatchery  
  86  9:28  Unknown  
  84  9:37  Drone x3  
  84  9:38  Drone x2  
  89  9:40  Drone x4  
  89  9:50  Zerg Missile Weapons Level 2  
  85  9:53  Zerg Ground Armor Level 2  
  85  9:58  Grooved Spines  
  83  10:01  Infestation Pit  
  83  10:06  Drone x3  
  85  10:07  Drone  
  85  10:09  Drone x2  
  88  10:47  Hydralisk x2  
  88  10:48  Overlord x2  
  88  10:49  Overlord, Hydralisk x3  
  94  10:50  Hydralisk x2  
  102  11:09  Muscular Augments  
  102  11:11  Overlord x2  
  102  11:12  Overlord x4  
  102  11:21  Drone x2  
  102  11:22  Drone  
  105  11:31  Hatchery  
  105  11:32  Drone  
  105  11:35  Hatchery  
  105  11:38  Hatchery  
  103  11:49  Hydralisk  
  103  11:50  Hydralisk x6  
  103  11:51  Hydralisk x2  
  103  11:52  Pneumatized Carapace  
  121  11:59  Extractor, Hatchery  
  119  12:04  Extractor  
  118  12:18  Hydralisk x2  
  118  12:19  Hydralisk x9  
  118  12:22  Queen  
  142  12:32  Hydralisk  
  142  12:33  Hydralisk x8  
  160  12:39  Hive  
  160  12:45  Spire  
  160  12:46  Overseer  
  141  13:01  Hydralisk x13  
  141  13:05  Hydralisk x2  
Show
View Real Time Build Order
Export as new Build Order

CdubMcNasty Protoss 

Build Orders:  

Get SALT Encoding   

  12  0:00  Probe (Chrono Boost)  
  13  0:13  Probe (Chrono Boost)  
  14  0:22  Pylon  
  14  0:29  Probe  
  15  0:43  Gateway  
  15  0:54  Probe  
  16  0:59  Assimilator  
  16  1:11  Gateway  
  16  1:32  Zealot  
  18  1:39  Cybernetics Core  
  18  1:43  Probe  
  19  1:55  Probe  
  19  2:00  Pylon  
  20  2:07  Forge, Probe  
  21  2:11  Pylon  
  21  2:14  Warp Gate (Chrono Boost)  
  21  2:16  Zealot  
  23  2:36  Zealot  
  25  2:46  Photon Cannon  
  25  2:51  Photon Cannon  
  25  3:01  Pylon  
  25  3:10  Zealot  
  27  3:29  Probe  
  28  3:35  Assimilator  
  28  3:44  Nexus  
  28  4:16  Robotics Facility  
  28  4:27  Pylon  
  28  4:35  Probe  
  29  4:44  Zealot x2  
  33  4:53  Twilight Council  
  33  4:59  Shield Battery  
  33  5:02  Photon Cannon  
  33  5:06  Photon Cannon  
  33  5:12  Probe  
  34  5:21  Zealot  
  36  5:24  Probe  
  37  5:30  Zealot  
  39  5:36  Probe  
  40  5:49  Probe  
  41  6:01  Probe  
  40  6:09  Zealot x2  
  42  6:18  Probe  
  39  6:22  Stalker  
  39  6:23  Stalker  
  43  6:30  Immortal, Probe  
  47  6:42  Probe  
  49  6:54  Assimilator, Probe  
  49  6:55  Probe  
  49  6:59  Assimilator  
  50  7:02  Stalker  
  50  7:03  Stalker  
  50  7:06  Probe  
  50  7:07  Probe  
  56  7:10  Immortal  
  56  7:13  Charge  
  60  7:18  Probe  
  60  7:19  Probe  
  62  7:23  Pylon  
  62  7:26  Pylon  
  62  7:28  Protoss Ground Weapons Level 1 (Chrono Boost)  
  62  7:41  Probe  
  63  7:48  Stalker x2  
  67  7:53  Probe  
  67  7:57  Gateway  
  68  8:05  Probe  
  69  8:17  Probe  
  68  8:30  Probe  
  69  8:35  Stalker  
  69  8:36  Stalker  
  73  8:43  Gateway  
  73  8:47  Gateway  
  73  8:54  Pylon  
  73  8:56  Warp Prism  
  73  8:57  Pylon  
  73  8:59  Pylon  
  75  9:03  Sentry  
  77  9:15  Sentry x2  
  81  9:28  Stalker  
  83  9:32  Immortal  
  83  9:35  Probe  
  86  9:47  Probe  
  85  9:59  Probe  
  78  10:07  Stalker x3  
  78  10:08  Stalker x2  
  86  10:54  Pylon  
  86  11:21  Nexus  
  86  11:30  Pylon  
  86  11:35  Pylon  
  86  11:38  Pylon  
  86  11:40  Gateway  
  86  11:43  Gateway  
  86  11:46  Gateway  
  86  11:49  Immortal (Chrono Boost)  
  90  12:11  Stalker x3  
  96  12:21  Immortal  
  100  12:36  Stalker x2  
  104  12:37  Stalker x2  
  78  13:00  Immortal  
  72  13:17  Stalker x4  
  72  13:18  Stalker x2  
  84  13:22  Pylon  
  84  13:23  Pylon  
  84  13:26  Pylon  
  80  13:32  Probe  
  81  13:38  Probe  
  81  13:39  Immortal  
  86  13:44  Probe  
  86  13:45  Assimilator  
  87  13:48  Assimilator  
  87  13:50  Probe  
  88  14:02  Probe  
  88  14:03  Zealot  
  88  14:04  Zealot x5  
Tags
 
Matchup
PvZ
Opening
Pool First
Replay Pack
MrFercho
Spawn Locations
Cross Positions
Add a new tag
Caveats
  • Supply blocks, unpowered buildings, or Contaminate may cause inaccurate times.
  • Supply counts are checked every 10 seconds.